 Dungeon Crawl Stone Soup version 0.25-a0-565-g8875c97ebb (webtiles) character file.

Game seed: 1293298138385731521, levelgen mode: deterministic

40 Conn the Conjurer (level 3, 0/21 HPs)
             Began as an Octopode Conjurer on Feb 26, 2020.
             Slain by a ball python (1 damage)
             ... on level 2 of the Dungeon.
             The game lasted 00:02:36 (1494 turns).

Conn the Conjurer (Octopode Conjurer)               Turns: 1494, Time: 00:02:37

Health: 0/21       AC:  1    Str:  7    XL:     3   Next: 50%
Magic:  6/6        EV: 10    Int: 18    God:
Gold:   74         SH:  0    Dex: 12    Spells: 5/6 levels left

rFire    + . .     SeeInvis .   d - +0 short sword
rCold    + . .     Gourm    .   (no shield)
rNeg     . . .     Faith    .   (helmet restricted)
rPois    +         Spirit   .   (no amulet)
rElec    +         Reflect  .   (no ring)
rCorr    +         Harm     .   (no ring)
MR       .....                  (no ring)
Stlth    +++.......             (no ring)
HPRegen  0.07/turn              (no ring)
MPRegen  0.10/turn              (no ring)
                                (no ring)
                                (no ring)

@: resistant, constricted
A: almost no armour, stealthy swim, amphibious, 8 rings, constrict 8, camouflage
1, gelatinous body 1
a: no special abilities


You were on level 2 of the Dungeon.
You were hungry.

You visited 1 branch of the dungeon, and saw 2 of its levels.

You collected 74 gold pieces.

Inventory:

Hand Weapons
 c - a +0 dagger
 d - a +0 short sword (weapon)
Scrolls
 a - a scroll of enchant armour {unknown}
 i - a scroll of magic mapping {unknown}
 j - a scroll of blinking {unknown}
 m - a scroll of teleportation {unknown}
Potions
 e - a potion of resistance
 f - a potion of might {unknown}
 g - a potion of berserk rage {unknown}
 h - a potion of curing {unknown}
 k - a potion of magic {unknown}
 l - a potion of invisibility {unknown}
Comestibles
 b - 3 rations


   Skills:
 + Level 2.1 Dodging
 + Level 3.0 Stealth
 * Level 2.1 Spellcasting
 * Level 4.9 Conjurations


You had 5 spell levels left.
You knew the following spells:

 Your Spells              Type           Power        Failure   Level  Hunger
a - Magic Dart            Conj           ###.         2%          1    #......

Your spell library contained the following spells:

 Spells                   Type           Power        Failure   Level  Hunger
 Searing Ray              Conj           ###...       3%          2    ###....
 Dazzling Flash           Conj/Hex       ##....       19%         3    ###....
 Fulminant Prism          Conj/Hex       ##........   54%         4    #####..
 Iskenderun's Mystic Bla  Conj/Tloc      ##......     54%         4    #####..


Dungeon Overview and Level Annotations

Branches:
Dungeon (2/15)

Altars:


Innate Abilities, Weirdness & Mutations

You cannot wear most types of armour.
You are very stealthy in the water. (Stealth+)
You are amphibious.
You can wear up to eight rings at the same time.
You can use your tentacles to constrict eight enemies at once.
Your skin changes colour to match your surroundings (Stealth+).
Your rubbery body absorbs attacks. (AC +1, EV +1)


Message History

The ball python barely misses you. The ball python misses you. x2
The ball python grabs you. The ball python constricts you.
The kobold hits you with a +0 short sword.
* * * LOW HITPOINT WARNING * * *
You hit the kobold.
You kill the kobold!
Your Stealth skill increases to level 3!
The ball python closely misses you.
* * * LOW HITPOINT WARNING * * *
The ball python constricts you.
You hit the ball python. Your grab misses the ball python.
The ball python is moderately wounded.
The ball python bites you.
* * * LOW HITPOINT WARNING * * *
x2 The ball python constricts you.
It was a potion of resistance.
You feel protected. The ball python bites you.
* * * LOW HITPOINT WARNING * * *
You die...

#.# #.# #######.#
#<......#+###
#####.......# ..
#.......# ...
####.......#....
#........S......
#...)..)@)......
#...............
#)..............
#..........?....
....$..$.......##
##.............#
#......(......#
###############


You could see a ball python.

Vanquished Creatures
  An ooze (D:1)
  2 dart slugs (D:1)
  2 leopard geckos (D:1)
  An orc (D:2)
  4 giant cockroaches (D:1)
  4 goblins (D:1)
  3 hobgoblins
  A frilled lizard (D:2)
  7 kobolds
  3 rats
28 creatures vanquished.

Notes
Turn   | Place    | Note
-------+----------+-------------------------------------------
     0 | D:1      | Conn the Octopode Conjurer began the quest for the Orb.
     0 | D:1      | Reached XP level 1. HP: 11/11 MP: 3/3
   156 | D:1      | Reached XP level 2. HP: 10/17 MP: 0/5
   738 | D:1      | Reached XP level 3. HP: 21/21 MP: 1/6
  1494 | D:2      | HP: 1/21 [ball python (2)]
  1494 | D:2      | Slain by a ball python

Levels and vault maps discovered:
D:1:      scummos_arrival_gate, layout_basic, kennysheep_small_spiral
D:2:      layout_basic, grunt_temple_overflow_open,
          grunt_dithmenos_smoke_and_mirrors, uniq_natasha, uniq_sigmund

Skill      XL: |  1  2  3 |
---------------+----------+-----
Stealth        | 3 |  3.0
Dodging        | |  2.1
Spellcasting   | |  2.1
Conjurations   | |  4.9

Action                   || total
-------------------------++-------
Melee: Unarmed           ||     6
       Dagger            ||     7
       Constrict         ||    11
       Tentacles         ||     5
       Short sword       ||    35
 Cast: Magic Dart        ||    19
  Use: Potion            ||     1
 Stab: Sleeping          ||     7
  Eat: Chunk             ||     1
Armor: Skin              ||     4
Dodge: Dodged            ||    23

Table legend:
 A = Non-vault XP
 B = Vault XP
 C = Vault XP percentage of total XP
 D = Non-vault monster count
 E = Vault monster count
 F = Vault count percentage of total count
                 A         B        C        D         E       F
            +---------+---------+-------+---------+---------+-------
      Total |      58 |       0 |   0.0 |      28 |       0 |   0.0
            +---------+---------+-------+---------+---------+-------
        D:1 |      49 |       0 |   0.0 |      23 |       0 |   0.0
        D:2 |       9 |       0 |   0.0 |       5 |       0 |   0.0
            +---------+---------+-------+---------+---------+-------
